 Dungeon Crawl Stone Soup version 0.30.0-20-g3615ddf2f0 (webtiles) character file.

Game seed: 17026771111260511979

308 qw the Chopper (level 6, 0/38 HPs)
             Began as a Gargoyle Fighter on May 29, 2023.
             Slain by a hound (5 damage)
             ... on level 4 of the Dungeon.
             The game lasted 00:01:43 (3936 turns).

qw the Chopper (Gargoyle Fighter)                   Turns: 3936, Time: 00:01:44

Health: 0/38       AC: 18    Str: 21    XL:     6   Next: 40%
Magic:  6/6        EV:  7    Int:  9    God:
Gold:   192        SH:  9    Dex:  9    Spells: 5/5 levels left

rFire   . . .        Y - +2 war axe
rCold   . . .        c - +0 buckler
rNeg    + + .        h - +0 shadow dragon scales
rPois   inf          (no helmet)
rElec   +            (no cloak)
rCorr   .            m - +0 pair of gloves
SInv    .            (no boots)
Will    .....        f - amulet of reflection
Stlth   ++           e - ring of positive energy
HPRegen 0.26/turn    (no ring)
MPRegen 0.10/turn

%: reflection
@: no status effects
A: sickness immunity, AC +4, negative energy resistance 1, electricity
resistance, torment resistance 1, petrification resistance
a: no special abilities


You were on level 4 of the Dungeon.
You visited 1 branch of the dungeon, and saw 4 of its levels.

You collected 192 gold pieces.


Innate Abilities, Weirdness & Mutations

You are immune to sickness and miasma.
Your stone body is resilient. (AC +4)
You are immune to poison.
You resist negative energy. (rN+)
You are resistant to electric shocks. (rElec)
You are resistant to unholy torment.
You are immune to petrification.


   Skills:
 - Level 4.0 Fighting
 + Level 5.6 Axes
 - Level 3.2 Armour
 - Level 3.2 Shields


You had 5 spell levels left.
You didn't know any spells.
Your spell library was empty.

Inventory:

Hand Weapons
 i - a +0 flail
 Y - a +2 war axe (weapon)
Armour
 c - a +0 buckler (worn)
 h - +0 shadow dragon scales (worn)
 m - a +0 pair of gloves (worn)
Jewellery
 a - a ring of magical power
 e - a ring of positive energy (left hand)
 f - an amulet of reflection (around neck)
Scrolls
 b - a scroll of teleportation {unknown}
 g - a scroll of poison {unknown}
 j - 3 scrolls of identify
 n - a scroll of noise {unknown}
 o - a scroll of blinking {unknown}
Potions
 d - 3 potions of might
 k - a potion of heal wounds {unknown}
 l - a potion of haste {unknown}

Dungeon Overview and Level Annotations

Branches:
Dungeon (4/15)
 Temple: D:4-7

Altars:
Fedhas
The Shining One

Annotations:
D:2 1 runed translucent door, Crazy Yiuf


Message History

You hit the ogre.
The ogre is almost dead.
The ogre barely misses you.
You barely miss the ogre.
The ogre is almost dead.
The ogre barely misses you.
You hit the ogre.
The ogre is almost dead.
You block the ogre's attack.
You hit the ogre.
You kill the ogre!
The hound bites you but does no damage.
You hit the hound.
The hound is moderately wounded.
You block the hound's attack.
You miss the hound.
The hound is moderately wounded.
You block the hound's attack. The hound bites you.
You hit the hound but do no damage.
The hound is moderately wounded.
The hound bites you but does no damage. x2
You closely miss the hound.
The hound is moderately wounded.
The hound bites you. The hound bites you but does no damage.
You hit the hound.
The hound is moderately wounded.
The hound barely misses you. The hound completely misses you.
You closely miss the hound.
The hound is moderately wounded.
The hound completely misses you. You block the hound's attack.
You miss the hound.
The hound is moderately wounded.
The hound barely misses you. You block the hound's attack.
You barely miss the hound.
The hound is moderately wounded.
The hound barely misses you.
You barely miss the hound.
The hound is moderately wounded.
You block the hound's attack. The hound bites you.
You die...

..<..<.#.#
.###.....# .#
#.###.# #
.###.###.##.#
.>..
.....%.......
#...
..)#.........
#..#
....######### ##
#..# ##.## ..#
#.### #..#
##....# ...#)@.#
#..# ##.##...#
#..h#.###..#
....# .h#
#...#......#
......#w..
.$.#...###.#####
#####.#
#...#.#.###
#.....# ########
####### #####.#
###
#.....)###...#
#.# #..
..#####.#.##.#
#.# #.# ###
##.###.#
#.#####.#


You could see a hound.

Vanquished Creatures
  An ogre (D:4)
  An orc wizard (D:3)
  An iguana (D:4)
  8 adders
  3 worms
  2 dart slugs
  2 orcs (D:3)
  7 ball pythons
  8 endoplasms
  5 giant cockroaches
  15 goblins
  9 hobgoblins
  4 jackals (D:3)
  2 quokkas (D:4)
  4 bats
  2 frilled lizards (D:1)
  5 kobolds
  5 rats
84 creatures vanquished.

Notes
Turn   | Place    | Note
-------+----------+-------------------------------------------
     0 | D:1      | qw the Gargoyle Fighter began the quest for the Orb.
     0 | D:1      | Reached XP level 1. HP: 14/14 MP: 1/1
     0 | D:1      | 0 ||| qw: Version: 0.2-a-101-gf424e7f
     0 | D:1      | 0 ||| qw: Game counter: 321
     0 | D:1      | 0 ||| qw: Always use a shield: true
     0 | D:1      | 0 ||| qw: God list: Okawaru
     0 | D:1      | 0 ||| qw: Allow faded altars: false
     0 | D:1      | 0 ||| qw: Do Orc after D:15 true
     0 | D:1      | 0 ||| qw: Do second Lair branch before Depths: true
     0 | D:1      | 0 ||| qw: Lair rune preference: random
     0 | D:1      | 0 ||| qw: Plans: Normal, Zot:1-4, Slime:5, God:TSO, Crypt,
                  | Tomb, Pan, Hells, Abyss, Win
     0 | D:1      | 0 ||| PLANNING D:1-11
   127 | D:1      | Reached skill level 2 in Axes
   319 | D:1      | Reached XP level 2. HP: 19/19 MP: 2/2
   324 | D:1      | 324 ||| Stepping ~*~*~tactically~*~*~ (stealth).
   505 | D:1      | 505 ||| DROPPING +0 club.
   925 | D:1      | 925 ||| UPGRADING to amulet of reflection.
   983 | D:2      | Reached skill level 3 in Axes
  1085 | D:2      | Reached XP level 3. HP: 23/23 MP: 3/3
  1090 | D:2      | 1090 ||| Stepping ~*~*~tactically~*~*~ (stealth).
  1402 | D:2      | 1402 ||| Stepping ~*~*~tactically~*~*~ (stealth).
  1726 | D:2      | Found a runed translucent door.
  1727 | D:2      | Noticed Crazy Yiuf
  1821 | D:2      | Reached XP level 4. HP: 28/28 MP: 4/4
  1852 | D:2      | 1852 ||| Stepping ~*~*~tactically~*~*~ (hiding).
  2158 | D:2      | 2158 ||| UPGRADING to +0 pair of gloves.
  2163 | D:2      | 2163 ||| UPGRADING to ring of positive energy.
  2164 | D:2      | 2164 ||| DROPPING ring of wizardry.
  2165 | D:2      | 2165 ||| READING scroll labelled MUPTIKHU ITUSU.
  2166 | D:2      | 2166 ||| READING scroll labelled JISIAPRUDGH.
  2267 | D:2      | 2267 ||| READING scroll labelled WIOT UFINIUMNY.
  2429 | D:3      | 2429 ||| READING scroll of enchant weapon.
  2429 | D:3      | 2429 ||| ENCHANTING +1 war axe.
  2515 | D:3      | Reached skill level 4 in Axes
  2532 | D:3      | Found a faded altar of an unknown god.
  2950 | D:3      | Reached XP level 5. HP: 19/32 MP: 5/5
  3000 | D:3      | 3000 ||| DROPPING +0 whip.
  3067 | D:3      | 3067 ||| UPGRADING to +0 shadow dragon scales.
  3077 | D:3      | 3077 ||| DROPPING +0 scale mail.
  3078 | D:3      | 3078 ||| READING scroll labelled ODWOTU MULEOPN.
  3220 | D:4      | 3220 ||| Stepping ~*~*~tactically~*~*~ (stealth).
  3222 | D:4      | 3222 ||| Stepping ~*~*~tactically~*~*~ (stealth).
  3250 | D:4      | 3250 ||| Stepping ~*~*~tactically~*~*~ (stealth).
  3252 | D:4      | 3252 ||| Stepping ~*~*~tactically~*~*~ (stealth).
  3254 | D:4      | 3254 ||| Stepping ~*~*~tactically~*~*~ (stealth).
  3256 | D:4      | 3256 ||| Stepping ~*~*~tactically~*~*~ (stealth).
  3311 | D:4      | Reached skill level 5 in Axes
  3417 | D:4      | 3417 ||| Stepping ~*~*~tactically~*~*~ (stealth).
  3419 | D:4      | 3419 ||| Stepping ~*~*~tactically~*~*~ (stealth).
  3421 | D:4      | 3421 ||| Stepping ~*~*~tactically~*~*~ (stealth).
  3423 | D:4      | 3423 ||| Stepping ~*~*~tactically~*~*~ (stealth).
  3425 | D:4      | 3425 ||| Stepping ~*~*~tactically~*~*~ (stealth).
  3434 | D:4      | 3434 ||| Stepping ~*~*~tactically~*~*~ (stealth).
  3436 | D:4      | 3436 ||| Stepping ~*~*~tactically~*~*~ (stealth).
  3438 | D:4      | 3438 ||| Stepping ~*~*~tactically~*~*~ (stealth).
  3440 | D:4      | 3440 ||| Stepping ~*~*~tactically~*~*~ (stealth).
  3450 | D:4      | 3450 ||| Stepping ~*~*~tactically~*~*~ (stealth).
  3461 | D:4      | 3461 ||| Stepping ~*~*~tactically~*~*~ (stealth).
  3462 | D:4      | 3462 ||| Stepping ~*~*~tactically~*~*~ (stealth).
  3501 | D:4      | 3501 ||| Stepping ~*~*~tactically~*~*~ (stealth).
  3503 | D:4      | 3503 ||| Stepping ~*~*~tactically~*~*~ (stealth).
  3505 | D:4      | 3505 ||| Stepping ~*~*~tactically~*~*~ (stealth).
  3540 | D:4      | 3540 ||| Stepping ~*~*~tactically~*~*~ (stealth).
  3542 | D:4      | 3542 ||| Stepping ~*~*~tactically~*~*~ (stealth).
  3544 | D:4      | 3544 ||| Stepping ~*~*~tactically~*~*~ (stealth).
  3547 | D:4      | 3547 ||| Stepping ~*~*~tactically~*~*~ (stealth).
  3549 | D:4      | 3549 ||| Stepping ~*~*~tactically~*~*~ (stealth).
  3550 | D:4      | 3550 ||| Stepping ~*~*~tactically~*~*~ (stealth).
  3551 | D:4      | 3551 ||| Stepping ~*~*~tactically~*~*~ (stealth).
  3553 | D:4      | 3553 ||| Stepping ~*~*~tactically~*~*~ (stealth).
  3554 | D:4      | 3554 ||| Stepping ~*~*~tactically~*~*~ (stealth).
  3555 | D:4      | 3555 ||| Stepping ~*~*~tactically~*~*~ (stealth).
  3667 | D:4      | 3667 ||| Stepping ~*~*~tactically~*~*~ (stealth).
  3669 | D:4      | 3669 ||| Stepping ~*~*~tactically~*~*~ (stealth).
  3671 | D:4      | 3671 ||| Stepping ~*~*~tactically~*~*~ (stealth).
  3673 | D:4      | 3673 ||| Stepping ~*~*~tactically~*~*~ (stealth).
  3675 | D:4      | 3675 ||| Stepping ~*~*~tactically~*~*~ (stealth).
  3677 | D:4      | 3677 ||| Stepping ~*~*~tactically~*~*~ (stealth).
  3679 | D:4      | 3679 ||| Stepping ~*~*~tactically~*~*~ (stealth).
  3681 | D:4      | 3681 ||| Stepping ~*~*~tactically~*~*~ (stealth).
  3683 | D:4      | 3683 ||| Stepping ~*~*~tactically~*~*~ (stealth).
  3685 | D:4      | 3685 ||| Stepping ~*~*~tactically~*~*~ (stealth).
  3687 | D:4      | 3687 ||| Stepping ~*~*~tactically~*~*~ (hiding).
  3690 | D:4      | 3690 ||| Stepping ~*~*~tactically~*~*~ (hiding).
  3847 | D:4      | Found a blossoming altar of Fedhas.
  3847 | D:4      | Found a glowing golden altar of the Shining One.
  3852 | D:4      | Reached XP level 6. HP: 38/38 MP: 6/6
  3912 | D:4      | 3912 ||| Stepping ~*~*~tactically~*~*~ (stealth).
  3915 | D:4      | 3915 ||| Stepping ~*~*~tactically~*~*~ (stealth).
  3917 | D:4      | HP: 9/38 [ogre/+0 giant spiked club (29)]
  3922 | D:4      | HP: 6/38 [ogre/+0 giant spiked club (5)]
  3929 | D:4      | HP: 6/38 [hound (2)]
  3936 | D:4      | Slain by a hound

Levels and vault maps discovered:
D:1:      heliophobic_arrival_glass_houses, layout_basic
D:2:      layout_basic, kennysheep_generic_room_13, uniq_crazy_yiuf_cottage
D:3:      cheibrodos_greedy_goblins, layout_basic, nicolae_ecumenical_oubliette
D:4:      layout_loops_ring, amethyst_overflow_temple_binary,
          minmay_misc_feat_alley

Skill      XL: |  1  2  3  4  5 |
---------------+----------------+-----
Axes           | 2 3 4 5 |  5.6
Fighting       | 4 |  4.0
Armour         | |  3.2
Shields        | |  3.2

Action                     |  1- 3 |  4- 6 || total
---------------------------+-------+-------++-------
  Melee: War axe           |    91 |   159 ||   250
    Use: Scroll            |       |     5 ||     5
 Armour: Scale mail        |    30 |    26 ||    56
         Shadow dragon sca |       |    38 ||    38
  Dodge: Dodged            |    37 |    46 ||    83
  Block: Buckler           |    19 |    59 ||    78
         Reflection        |       |     1 ||     1

Table legend:
 A = Non-vault XP
 B = Vault XP
 C = Vault XP percentage of total XP
 D = Non-vault monster count
 E = Vault monster count
 F = Vault count percentage of total count
                 A         B        C        D         E       F
            +---------+---------+-------+---------+---------+-------
      Total |     416 |      25 |   5.7 |      71 |      13 |  15.5
            +---------+---------+-------+---------+---------+-------
        D:1 |      29 |       0 |   0.0 |      17 |       0 |   0.0
        D:2 |      61 |       2 |   3.2 |      18 |       1 |   5.3
        D:3 |      90 |      23 |  20.4 |      17 |      12 |  41.4
        D:4 |     236 |       0 |   0.0 |      19 |       0 |   0.0
            +---------+---------+-------+---------+---------+-------
